 Dungeon Crawl Stone Soup version 0.30-b1-2-g02819fbbbe (webtiles) character file.

Game seed: 18283132471658845815

1246 MacCMillion the Cleaver (level 8, -7/67 HPs)
             Began as a Minotaur Fighter on May 3, 2023.
             Was an Elder of Jiyva.
             Mangled by an ogre
             ... wielding a +0 giant club
              (20 damage)
             ... on level 5 of the Dungeon.
             The game lasted 00:11:37 (2941 turns).

MacCMillion the Cleaver (Minotaur Fighter)          Turns: 2941, Time: 00:11:38

Health: -7/67      AC: 10    Str: 26    XL:     8   Next: 25%
Magic:  7/7        EV:  9    Int:  5    God:    Jiyva [****..]
Gold:   201        SH:  4    Dex:  7    Spells: 7/7 levels left

rFire   . . .        a - +0 war axe
rCold   . . .        c - +0 buckler
rNeg    . . .        w - +3 scale mail "Qotusoex" {rPois Str+2 Dex-2}
rPois   +            (helmet restricted)
rElec   +            (no cloak)
rCorr   +            (no gloves)
SInv    .            (boots unavailable)
Will    .....        (no amulet) Stlth
                     (no ring)
HPRegen 1.59/turn    (no ring)
MPRegen 0.50/turn

%: no passive effects
@: no status effects
A: horns 2, retaliatory headbutt, talons 3, electricity resistance
a: Renounce Religion, Oozemancy, Slimify


You were on level 5 of the Dungeon.
You worshipped Jiyva.
Jiyva was greatly pleased with you.
You visited 1 branch of the dungeon, and saw 5 of its levels.
You also visited: Sewer.

You collected 201 gold pieces.

Inventory:

Hand Weapons
 a - a +0 war axe (weapon)
Armour
 b - a +0 scale mail
 c - a +0 buckler (worn)
 s - a +0 chain mail
 w - the +3 scale mail "Qotusoex" (worn) {rPois Str+2 Dex-2}
   (You found it on level 5 of the Dungeon)

   Str:       It affects your strength (+2).
   Dex:       It affects your dexterity (-2).
   rPois:     It protects you from poison.
Wands
 r - a wand of charming (8)
 t - a wand of digging (1)
Scrolls
 e - 2 scrolls of enchant weapon {unknown}
 f - 2 scrolls of fear
 j - 2 scrolls of enchant armour {unknown}
 k - 2 scrolls of noise {unknown}
 l - 3 scrolls of identify {unknown}
 p - a scroll of amnesia {unknown}
 q - a scroll of summoning {unknown}
 u - 3 scrolls of magic mapping {unknown}
Potions
 d - 2 potions of might
 g - a potion of heal wounds {unknown}
 h - a potion of flight {unknown}
 i - 2 potions of curing {unknown}
 m - a potion of brilliance {unknown}
 n - a potion of degeneration {unknown}
 o - a potion of attraction {unknown}
 v - a potion of haste {unknown}


   Skills:
 + Level 4.9 Fighting
 * Level 11.0 Axes
 + Level 5.0 Armour
 - Level 4.0 Shields


You had 7 spell levels left.
You didn't know any spells.
Your spell library was empty.

Dungeon Overview and Level Annotations

Branches:
Dungeon (5/15)              Sewer (visited)
 Temple: D:4-7

Altars:
Elyvilon
Gozag
Vehumet
Zin
Jiyva


Innate Abilities, Weirdness & Mutations

You have a pair of horns on your head.
You reflexively headbutt those who attack you in melee.
You have claws for feet.
You are resistant to electric shocks. (rElec)


Message History

The puff of frost hits you.
An ogre comes into view. It is wielding a +0 giant club.
The ogre shouts!
The white imp gestures at you. The puff of frost hits you.
You hit the white imp but do no damage. Your kick misses the white imp.
Your headbutt misses the white imp. The white imp gestures at you.
The puff of frost misses you.
You slash the white imp!
The white imp is almost dead.
You slash the sleepcap!
The ogre hits the jelly with a +0 giant club!!
The jelly dies!
The white imp hits you but does no damage.
The sleepcap releases spores at you but does no damage.
You hit the white imp.
You kill the white imp!
You slash the sleepcap!
The sleepcap releases spores at you but does no damage.
You slice the sleepcap!!
You destroy the sleepcap!
Your Armour skill increases to level 5!
You hit the ogre. You claw the ogre.
The ogre is moderately wounded.
The ogre hits you with a +0 giant club!
You barely miss the ogre.
The ogre is moderately wounded.
The ogre hits you with a +0 giant club!!
You are too injured to fight recklessly!
You hit the ogre. You claw the ogre! Your headbutt misses the ogre.
The ogre is heavily wounded.
You barely miss the ogre.
The ogre is heavily wounded.
The ogre hits you with a +0 giant club!!
* * * LOW HITPOINT WARNING * * *
You barely miss the ogre. Your kick misses the ogre. You headbutt the ogre!
The ogre is severely wounded.
The ogre hits you with a +0 giant club!!
You die...

....<†.....#... .... .###
.####.....###... ..## ...# ##
##..#####... #..###...# #
#.......... ##........#
.........###....###...##...####
.<.........#.............##...#
.........#.#.....##...........#
...... .#.......##.##........#
...... ......O@...##.......##
...... ...........#.......##
...... ...........##......#
...........##.....##
..........###...#.# ...J.......
##....#### ............
#...##..###
......##.......#.......#
......#......##


You could see an ogre and a neutral jelly (wandering) (fellow slime).

Vanquished Creatures
  Pikel (D:5)
  A water moccasin (D:5)
  A lemure (D:5)
  A bullfrog (Sewer)
  3 wights (D:4)
  An orc priest (D:4)
  2 sleepcaps (D:5)
  An iguana (D:4)
  2 orc wizards (D:4)
  4 gnolls (D:4)
  6 river rats
  11 adders
  2 white imps (D:5)
  An ufetubus (D:4)
  2 worms
  3 dart slugs
  6 orcs
  7 ball pythons
  3 bats
  4 endoplasms (D:1)
  2 giant cockroaches
  8 goblins
  6 hobgoblins
  9 jackals
  5 kobolds
  A quokka (D:5)
  6 frilled lizards
  31 rats
130 creatures vanquished.

Vanquished Creatures (others)
  A bullfrog (Sewer)
  2 jellies
  A hound (D:5)
  Robin (D:3)
  4 adders
  A river rat (Sewer)
  An ufetubus (D:5)
  A worm (D:3)
  2 endoplasms (D:2)
  5 hobgoblins
  2 jackals (D:3)
  5 ball pythons
  7 goblins
  4 rats
37 creatures vanquished.

Grand Total: 167 creatures vanquished

Notes
Turn   | Place    | Note
-------+----------+-------------------------------------------
     0 | D:1      | MacCMillion the Minotaur Fighter began the quest for the
                  | Orb.
     0 | D:1      | Reached XP level 1. HP: 19/19 MP: 0/0
    91 | D:1      | Reached skill level 3 in Axes
    91 | D:1      | Reached XP level 2. HP: 24/26 MP: 1/1
   209 | D:1      | Found a faded altar of an unknown god.
   474 | D:1      | Reached XP level 3. HP: 31/31 MP: 2/2
   664 | D:1      | Reached skill level 4 in Axes
   728 | D:1      | Prayed at the altar of an unknown god.
   728 | D:1      | Became a worshipper of Jiyva Jaeraema the Shapeless
   728 | D:1      | Reached * piety under Jiyva
   749 | D:2      | Found a white marble altar of Elyvilon.
   916 | D:2      | Reached ** piety under Jiyva
  1159 | D:3      | Reached skill level 5 in Axes
  1159 | D:3      | Reached XP level 4. HP: 39/39 MP: 3/3
  1280 | D:3      | Killed Robin
  1468 | D:3      | Reached *** piety under Jiyva
  1618 | D:4      | Reached skill level 6 in Axes
  1644 | D:4      | Reached XP level 5. HP: 38/45 MP: 4/4
  1723 | D:4      | Found a glowing silver altar of Zin.
  1741 | D:4      | Reached skill level 7 in Axes
  1752 | D:4      | Reached XP level 6. HP: 49/51 MP: 5/5
  1768 | D:4      | Gained mutation: You are resistant to electric shocks.
                  | (rElec) [Jiyva's grace]
  1768 | D:4      | Gained mutation: You have sharp toenails. [Jiyva's grace]
  1768 | D:4      | Gained mutation: You have razor-sharp toenails. [Jiyva's
                  | grace]
  1768 | D:4      | Gained mutation: You have claws for feet. [Jiyva's grace]
  1825 | D:4      | Reached skill level 8 in Axes
  2293 | D:4      | Found an opulent altar of Gozag.
  2357 | D:5      | Entered Level 5 of the Dungeon
  2357 | D:5      | Noticed a water moccasin
  2368 | D:5      | Killed a water moccasin
  2369 | D:5      | Reached skill level 9 in Axes
  2369 | D:5      | Reached XP level 7. HP: 38/57 MP: 6/6
  2404 | D:5      | Found a radiant altar of Vehumet.
  2459 | D:5      | Noticed Pikel
  2472 | D:5      | Killed Pikel
  2473 | D:5      | Reached skill level 10 in Axes
  2473 | D:5      | Reached XP level 8. HP: 67/67 MP: 7/7
  2546 | D:5      | Found a glowing drain.
  2550 | Sewer    | Entered a sewer
  2815 | D:5      | Reached **** piety under Jiyva
  2859 | D:5      | Reached skill level 11 in Axes
  2908 | D:5      | Identified the +3 scale mail "Qotusoex" {rPois Str+2 Dex-2}
  2935 | D:5      | Reached skill level 5 in Armour
  2941 | D:5      | Mangled by an ogre

Illustrated notes

Levels and vault maps discovered:
D:1:      lightli_arrival_maybe_door_vault, layout_loops_ring,
          ebering_ecumenical_altar_rust, st_stairs_8, grunt_decor_cap
D:2:      layout_rooms, basic_altar
D:3:      layout_basic, st_stairs_9, minmay_misc_feat_x,
          nicolae_elevator_lobby_asterisk, uniq_robin
D:4:      layout_cave_pools, pdpol_temple_overflow_zin_treasury_gozag_greed
D:5:      layout_cave_pools, lemuel_tele_altar, gup_sewer_entry_spiral,
          corexii_item_surrounded_by_moat, uniq_crazy_yiuf_cottage, uniq_pikel

Skill      XL: |  1  2  3  4  5  6  7  8 |
---------------+-------------------------+-----
Axes           | 3 5 6 7 9 10 11 | 11.0
Shields        | 4 |  4.0
Fighting       | 4 |  4.9
Armour         | 4 5 |  5.0

Action                     |  1- 3 |  4- 6 |  7- 9 || total
---------------------------+-------+-------+-------++-------
  Melee: War axe           |    95 |    91 |   118 ||   304
         Headbutt          |    13 |    13 |     6 ||    32
         Kick              |       |     2 |    22 ||    24
    Use: Potion            |       |       |     1 ||     1
         Scroll            |       |       |     1 ||     1
 Armour: Scale mail        |    49 |    42 |     3 ||    94
         Chain mail        |       |     4 |    44 ||    48
  Dodge: Dodged            |    33 |    45 |    37 ||   115
  Block: Buckler           |    14 |    27 |    19 ||    60
